Map: [ESL] Hecate

Players

DnS - Winner!

  • Race: Protoss Protoss
  • Spawn Location: 7:00

LiquidElazer (Elazer)

  • Race: Zerg Zerg
  • Spawn Location: 1:00

Event: HomeStory Cup XXIV

VOD

Have the link to the VOD?

Description

Time

  • Played on: Dec. 1, 2023, 7:42 a.m.
  • Length: 14:13

All games in this series

Show
View Real Time Build Order
Export as new Build Order

DnS Protoss - Winner!

Build Orders: 1 Gate Expand, Oracle Opening 

Get SALT Encoding   

  12  0:00  Probe  
  13  0:12  Probe  
  14  0:19  Pylon  
  14  0:24  Probe (Chrono Boost)  
  15  0:37  Probe (Chrono Boost)  
  15  0:38  Gateway  
  16  0:45  Probe (Chrono Boost)  
  16  0:48  Assimilator  
  17  0:51  Probe  
  18  1:03  Probe  
  19  1:15  Probe  
  20  1:25  Nexus  
  20  1:36  Cybernetics Core  
  20  1:39  Probe  
  21  1:47  Assimilator  
  21  1:51  Probe  
  22  1:56  Pylon  
  22  2:03  Probe (Chrono Boost)  
  23  2:11  Adept (Chrono Boost)  
  26  2:16  Probe (Chrono Boost)  
  26  2:17  Stargate  
  26  2:21  Probe (Chrono Boost)  
  27  2:28  Warp Gate  
  27  2:30  Probe  
  27  2:32  Adept (Chrono Boost)  
  30  2:38  Probe  
  30  2:42  Probe  
  32  2:50  Probe  
  33  2:54  Probe, Adept  
  36  3:00  Oracle (Chrono Boost)  
  36  3:02  Probe  
  40  3:08  Pylon, Probe  
  41  3:14  Probe  
  42  3:23  Probe  
  42  3:26  Probe  
  44  3:28  Gateway  
  44  3:33  Oracle (Chrono Boost)  
  44  3:36  Probe  
  44  3:38  Probe  
  49  3:48  Probe  
  50  3:51  Nexus  
  50  3:52  Probe  
  50  3:54  Pylon  
  51  4:00  Probe  
  52  4:05  Pylon  
  52  4:06  Probe  
  53  4:12  Oracle (Chrono Boost), Probe  
  57  4:18  Assimilator, Probe  
  57  4:21  Assimilator  
  58  4:25  Probe  
  58  4:30  Probe, Twilight Council, Forge  
  60  4:37  Probe  
  61  4:42  Shield Battery, Probe  
  62  4:50  Probe  
  62  4:51  Stalker x2  
  67  4:54  Probe  
  67  4:55  Gateway  
  67  4:56  Gateway  
  67  4:59  Protoss Ground Weapons Level 1 (Chrono Boost)  
  68  5:05  Probe (Chrono Boost)  
  68  5:06  Probe (Chrono Boost)  
  70  5:07  Blink (Chrono Boost)  
  70  5:09  Probe (Chrono Boost)  
  71  5:17  Probe (Chrono Boost)  
  71  5:18  Probe (Chrono Boost)  
  71  5:19  Probe (Chrono Boost)  
  71  5:20  Gateway  
  74  5:22  Probe (Chrono Boost)  
  74  5:23  Gateway, Probe (Chrono Boost)  
  74  5:27  Probe  
  77  5:30  Pylon  
  77  5:32  Probe  
  78  5:39  Probe  
  78  5:40  Stalker x2, Probe  
  84  5:44  Forge  
  84  5:46  Pylon  
  84  5:49  Probe  
  85  5:50  Pylon  
  85  5:56  Pylon  
  85  6:10  Stalker x2  
  85  6:11  Stalker x2  
  93  6:12  Probe x3  
  96  6:19  Photon Cannon  
  96  6:26  Nexus, Pylon  
  96  6:28  Probe x3  
  96  6:32  Robotics Facility  
  99  6:34  Protoss Ground Armor Level 1 (Chrono Boost)  
  99  6:44  Stalker x5  
  109  6:54  Protoss Ground Weapons Level 2 (Chrono Boost)  
  109  6:55  Probe x2  
  109  6:56  Photon Cannon  
  109  6:57  Charge (Chrono Boost)  
  109  6:59  Photon Cannon  
  111  7:02  Shield Battery  
  111  7:06  Probe  
  111  7:07  Probe  
  113  7:14  Stalker x4  
  121  7:22  Zealot x2  
  111  7:30  Probe x2  
  111  7:36  Gateway  
  107  7:37  Probe  
  107  7:38  Gateway, Stalker x2, Probe  
  107  7:39  Stalker x2  
  117  7:44  Stalker x2  
  117  7:46  Warp Prism (Chrono Boost)  
  123  7:52  Robotics Bay  
  123  7:58  Probe  
  124  8:05  Stalker x3  
  130  8:07  Pylon  
  128  8:13  Probe x3, Pylon  
  128  8:14  Gateway  
  128  8:15  Gateway, Assimilator  
  131  8:24  Photon Cannon, Probe  
  131  8:25  Probe x2  
  134  8:27  Assimilator  
  134  8:33  Zealot x7  
  148  8:34  Zealot  
  148  8:36  Protoss Ground Armor Level 2 (Chrono Boost)  
  148  8:37  Pylon  
  148  8:38  Colossus (Chrono Boost)  
  152  8:52  Nexus  
  144  9:04  Zealot x8  
  144  9:05  Probe x4  
  144  9:08  Photon Cannon  
  154  9:11  Protoss Ground Weapons Level 3 (Chrono Boost)  
  154  9:12  Shield Battery  
  140  9:17  Probe  
  133  9:31  Zealot, Colossus (Chrono Boost)  
  133  9:35  Extended Thermal Lance  
  133  9:38  Stalker x5  
  149  9:47  Photon Cannon  
  149  9:48  Photon Cannon  
  149  9:52  Zealot x2, Templar Archives  
  151  9:53  Zealot x2  
  155  10:08  Probe x3  
  155  10:09  Probe x2  
  155  10:10  Shield Battery  
  148  10:16  Photon Cannon  
  148  10:18  Pylon  
  148  10:20  Observer (Chrono Boost), Probe x3  
  148  10:21  Probe  
  145  10:29  Zealot x6  
  145  10:30  Zealot x4  
  165  10:39  Colossus (Chrono Boost)  
  150  10:54  Zealot x10  
  140  11:13  Gateway  
  140  11:16  Gateway, Stalker x3  
  140  11:17  Stalker x5  
  150  11:20  Pylon  
  138  11:27  Colossus (Chrono Boost)  
  140  11:43  High Templar x5  
  140  11:44  High Templar, Zealot  
  140  11:45  Zealot x3  
  160  11:49  Assimilator, Archon x3  
  160  11:50  Assimilator  
  160  11:52  Probe x5  
  155  12:08  Nexus  
  155  12:09  Zealot x5  
  155  12:12  Pylon  
  155  12:13  Warp Prism (Chrono Boost)  
  155  12:15  Protoss Shields Level 1 (Chrono Boost)  
  158  12:23  Stalker  
  158  12:24  Stalker x3  
  158  12:27  Probe x3  
  158  12:28  Pylon  
  169  12:32  Shield Battery  
  159  12:37  Photon Cannon  
  159  12:40  Shield Battery  
  159  12:41  Zealot x5  
  155  12:52  Zealot x5  
  155  12:57  Colossus (Chrono Boost)  
  171  13:07  High Templar  
  171  13:08  High Templar x2  
  171  13:09  High Templar  
  171  13:11  Archon  
  179  13:15  Zealot x4  
  179  13:16  Zealot x4, Archon  
  171  13:32  Photon Cannon  
  153  13:38  Zealot x8  
  155  13:42  Zealot x4  
  147  14:01  Zealot x6  
  157  14:04  Zealot x6  
Show
View Real Time Build Order
Export as new Build Order

LiquidElazer Zerg 

Build Orders: Hatch First 

Get SALT Encoding   

  12  0:00  Drone  
  13  0:11  Overlord  
  13  0:16  Drone  
  14  0:30  Drone x2  
  16  0:47  Hatchery  
  15  0:50  Drone  
  15  0:54  Drone  
  17  0:57  Drone  
  18  1:09  Extractor  
  17  1:13  Spawning Pool  
  17  1:18  Drone  
  17  1:22  Drone  
  18  1:27  Drone  
  19  1:38  Drone  
  20  1:49  Overlord  
  20  2:00  Queen x2  
  20  2:01  Zergling x2, Drone  
  26  2:11  Zergling x2, Drone  
  26  2:14  Metabolic Boost  
  28  2:21  Zergling x2, Drone  
  30  2:31  Drone  
  30  2:32  Drone  
  30  2:36  Queen  
  34  2:44  Drone, Overlord  
  35  2:52  Hatchery  
  34  2:59  Zergling x2  
  34  3:00  Zergling x2  
  36  3:05  Drone  
  36  3:07  Drone  
  36  3:09  Drone  
  36  3:11  Queen  
  41  3:14  Drone  
  41  3:15  Overlord  
  41  3:22  Queen  
  41  3:26  Drone  
  44  3:28  Overlord  
  44  3:36  Drone x3  
  44  3:41  Drone x4  
  50  3:50  Drone x5  
  54  3:57  Spore Crawler x2  
  54  4:01  Queen  
  54  4:03  Drone x2  
  54  4:06  Drone  
  57  4:12  Drone  
  57  4:15  Drone x2  
  60  4:21  Drone x3  
  62  4:26  Drone x4  
  66  4:32  Hatchery  
  66  4:35  Drone  
  66  4:42  Overlord  
  66  4:45  Evolution Chamber, Queen, Overlord  
  66  4:55  Overlord  
  66  5:00  Drone x8  
  66  5:02  Overlord  
  66  5:05  Drone x3  
  77  5:09  Extractor  
  77  5:11  Extractor  
  77  5:12  Zerg Melee Weapons Level 1, Overlord  
  77  5:13  Drone x2  
  77  5:16  Roach Warren  
  77  5:18  Drone  
  77  5:19  Drone x2  
  79  5:22  Zergling x2, Drone  
  79  5:23  Zergling x8  
  79  5:24  Extractor  
  79  5:27  Zergling x4  
  86  5:33  Lair, Overlord  
  86  5:36  Zergling x4, Spore Crawler  
  87  5:43  Zergling x2  
  87  5:47  Drone  
  89  5:50  Drone x7  
  89  5:54  Overlord  
  96  5:58  Drone  
  96  5:59  Drone x2  
  96  6:00  Drone x2  
  95  6:05  Spore Crawler  
  95  6:06  Drone x2  
  95  6:07  Evolution Chamber  
  95  6:10  Zergling x2  
  95  6:11  Zergling x4  
  99  6:17  Zergling x10  
  104  6:20  Zergling x8  
  104  6:22  Zergling x2  
  104  6:25  Zergling x2  
  110  6:30  Overlord  
  110  6:31  Zergling x2  
  110  6:32  Zergling x4  
  113  6:34  Drone x2, Glial Reconstitution  
  113  6:37  Infestation Pit  
  113  6:38  Zergling x2  
  115  6:40  Drone  
  115  6:41  Baneling Nest  
  115  6:42  Zergling x8  
  115  6:43  Hatchery  
  117  6:51  Overlord  
  117  6:52  Zergling x10  
  117  6:56  Zergling x6  
  117  7:01  Zergling x10  
  124  7:07  Zerg Melee Weapons Level 2  
  124  7:09  Drone x4  
  124  7:11  Drone x3  
  124  7:13  Drone x2  
  132  7:17  Drone x3  
  132  7:22  Drone x2  
  124  7:28  Zergling x4  
  107  7:32  Overlord  
  107  7:34  Hive  
  107  7:36  Extractor x2, Drone x2  
  105  7:37  Zergling x10  
  105  7:42  Centrifugal Hooks  
  105  7:43  Roach x5  
  119  7:47  Roach  
  121  7:51  Overlord  
  121  7:56  Baneling x5  
  121  7:57  Roach x4  
  129  8:01  Roach x3  
  129  8:02  Roach x2  
  129  8:04  Overlord  
  139  8:07  Drone x2  
  139  8:09  Spore Crawler  
  139  8:12  Overlord  
  139  8:13  Roach x8  
  139  8:14  Roach  
  139  8:17  Ravager  
  139  8:19  Overlord  
  158  8:22  Overlord  
  158  8:26  Zergling x2  
  158  8:27  Zergling x10  
  164  8:36  Roach x5  
  164  8:40  Zergling x18, Spore Crawler  
  181  8:43  Baneling x11  
  181  8:47  Baneling x6  
  180  8:49  Zergling x8  
  175  8:57  Ravager  
  175  8:58  Zergling x10  
  175  9:02  Zergling x14  
  170  9:05  Adrenal Glands, Viper  
  166  9:13  Roach x6  
  177  9:17  Roach x2  
  177  9:20  Zergling x2  
  177  9:26  Zergling x6  
  177  9:27  Zergling x4  
  181  9:36  Zergling x2  
  182  9:39  Overlord  
  182  9:40  Overlord x2  
  182  9:41  Baneling x10  
  182  9:45  Extractor  
  181  9:50  Overlord  
  181  9:51  Overlord x2  
  181  9:55  Extractor  
  170  10:09  Zergling x2  
  170  10:10  Zergling x48  
  193  10:14  Overseer  
  193  10:20  Zergling x12  
  194  10:29  Zergling x8  
  176  10:46  Zergling x18  
  175  10:56  Roach x6  
  171  10:58  Zergling x8  
  171  11:03  Zergling x14  
  175  11:10  Zergling x4  
  168  11:14  Evolution Chamber  
  168  11:15  Evolution Chamber  
  156  11:18  Zergling x8  
  157  11:30  Zergling x8  
  161  11:32  Hatchery  
  161  11:34  Baneling x6  
  161  11:36  Baneling x7  
  161  11:38  Zergling x2  
  161  11:39  Zergling x4, Hatchery  
  161  11:42  Zergling x4  
  161  11:44  Baneling x13  
  163  11:47  Zergling x14  
  163  11:48  Zergling x2  
  163  11:51  Zerg Missile Weapons Level 1  
  168  11:58  Zergling x6  
  168  11:59  Zergling x2  
  169  12:03  Zergling x2  
  166  12:11  Zergling x6  
  166  12:15  Roach x4  
  169  12:18  Roach x4  
  175  12:27  Roach x6  
  186  12:33  Zergling x10  
  186  12:37  Zergling x2  
  189  12:40  Zergling x6  
  190  12:47  Zergling x2  
  190  12:48  Zergling x6  
  168  12:52  Zergling x6  
  168  12:57  Zergling x4  
  173  13:02  Drone x5  
  178  13:06  Baneling x9  
  178  13:11  Zergling x8  
  181  13:19  Zergling x14  
  175  13:20  Zergling x4  
  167  13:33  Zergling x20  
  156  13:39  Zergling x16  
  144  13:44  Zergling x14  
  144  13:47  Roach  
  144  13:48  Roach x2  
Tags
 
Add a new tag
Caveats
  • Supply blocks, unpowered buildings, or Contaminate may cause inaccurate times.
  • Supply counts are checked every 10 seconds.